 Dungeon Crawl Stone Soup version 0.31-a0-821-gd5cc6f37b9 (webtiles) character file.

Game seed: 1628400709308025842

197 qw the Shooter (level 5, -7/31 HPs)
             Began as a Gargoyle Hunter on Sept 23, 2023.
             Mangled by an ogre
             ... wielding a +0 giant club
              (9 damage)
             ... on level 2 of the Dungeon.
             The game lasted 00:00:31 (1196 turns).

qw the Shooter (Gargoyle Hunter)                    Turns: 1196, Time: 00:00:32

Health: -7/31      AC:  7    Str: 14    XL:     5   Next: 75%
Magic:  5/5        EV: 11    Int: 10    God:
Gold:   86         SH:  0    Dex: 15    Spells: 4/4 levels left

rFire   . . .        Y - +0 shortbow
rCold   . . .        (shield currently unavailable)
rNeg    + . .        c - +0 leather armour
rPois   inf          (no helmet)
rElec   +            (no cloak)
rCorr   .            (no gloves)
SInv    .            (no boots)
Will    .....        (no amulet)
Stlth   ++           (no ring)
HPRegen 0.25/turn    (no ring)
MPRegen 0.09/turn

%: no passive effects
@: no status effects
A: sickness immunity, AC +4, negative energy resistance 1, electricity
resistance, torment resistance 1, petrification resistance
a: no special abilities


You were on level 2 of the Dungeon.
You visited 1 branch of the dungeon, and saw 2 of its levels.

You collected 86 gold pieces.


Innate Abilities, Weirdness & Mutations

You are immune to sickness and miasma.
Your stone body is resilient. (AC +4)
You are immune to poison.
You resist negative energy. (rN+)
You are resistant to electric shocks. (rElec)
You are resistant to unholy torment.
You are immune to petrification.


   Skills:
 + Level 2.4 Fighting
 - Level 6.7 Ranged Weapons
 - Level 1.5 Dodging
 - Level 1.1 Stealth


You had 4 spell levels left.
You didn't know any spells.
Your spell library was empty.

Inventory:

Hand Weapons
 Y - a +0 shortbow (weapon)
Armour
 a - a +2 robe of resistance
 c - a +0 leather armour (worn)
Scrolls
 d - a scroll of identify
 f - a scroll of brand weapon {unknown}
Potions
 b - a potion of heal wounds {unknown}
 e - a potion of magic {unknown}

Dungeon Overview and Level Annotations

Branches:
Dungeon (2/15)

Altars:

Annotations:
D:2 Terence


Message History

There is an escape hatch in the ceiling here.
d - a scroll of identify
Found a glaive.
Found a stone staircase leading up.
You now have 79 gold pieces (gained 2).
f - a scroll labelled LEPAYC ROYRO You now have 86 gold pieces (gained 7).
A goblin comes into view. It is wielding a +0 dagger.
You shoot an arrow. The arrow hits the goblin.
You kill the goblin!
Terence the Incautious comes into view.
He is wielding a +0 hand axe.
You shoot an arrow. The arrow hits Terence.
Terence shouts!
Terence is moderately wounded.
You hear an angry hiss.
You shoot an arrow. The arrow barely misses Terence.
An ogre comes into view. It is wielding a +0 giant club.
1188 |||
Found retreat position at 0,-1 (floor) with 0 blocking monsters and 1 monsters attacking at destination at distance 1 x2
1188 ||| RETREEAATING.
You shoot an arrow. The arrow barely misses the ogre.
You shoot an arrow. The arrow closely misses the ogre.
You shoot an arrow. The arrow barely misses the ogre.
The ogre closely misses you.
You shoot an arrow. The arrow closely misses the ogre.
The arrow hits Terence.
Terence is moderately wounded.
The ogre hits you with a +0 giant club.
You shoot an arrow. The arrow closely misses the ogre.
The arrow hits Terence.
Terence is severely wounded.
The ogre barely misses you.
You shoot an arrow. The arrow barely misses the ogre.
The arrow hits Terence but does no damage.
Terence is severely wounded.
You shoot an arrow. The arrow hits the ogre!
The ogre is moderately wounded.
The ogre hits you with a +0 giant club!!
Ouch! That really hurt!
You shoot an arrow. The arrow barely misses the ogre.
The arrow hits Terence.
Terence is almost dead.
The ogre hits you with a +0 giant club!
You die...

#.# #.# #.# #.#####.##
#.# #.# #.# #.........
#.# #[# #.# #####.....
#.# #># #.# #.#.## #.#
#.# #.# #.#.# #.#
####.########.#.#
#.#####.............).#
...........########.###
#.#####@#### #.# #O#
#.# #......@......# #.#
#.###.#.#####.# #.#
#.##.. #.# #.# #)# #..
... ..# ... ... #. ...


You could see an ogre and Terence.

Vanquished Creatures
  Sigmund (D:2)
  An adder (D:2)
  2 bats (D:1)
  An endoplasm (D:1)
  A giant cockroach (D:1)
  3 goblins
  3 hobgoblins (D:1)
  2 quokkas (D:1)
  A ball python (D:1)
  A frilled lizard (D:1)
  6 kobolds (D:1)
  3 rats (D:1)
25 creatures vanquished.

Notes
Turn   | Place    | Note
-------+----------+-------------------------------------------
     0 | D:1      | qw the Gargoyle Hunter began the quest for the Orb.
     0 | D:1      | Reached XP level 1. HP: 12/12 MP: 1/1
     0 | D:1      | 0 ||| qw: Version: 0.3-a-83-gcd0e7d8
     0 | D:1      | 0 ||| qw: Game counter: 1764
     0 | D:1      | 0 ||| qw: Melee chars always use a shield: true
     0 | D:1      | 0 ||| qw: God list: Okawaru
     0 | D:1      | 0 ||| qw: Allow faded altars: false
     0 | D:1      | 0 ||| qw: Do Orc after clearing Dungeon:15 true
     0 | D:1      | 0 ||| qw: Do second Lair branch before Depths: true
     0 | D:1      | 0 ||| qw: Lair rune preference: random
     0 | D:1      | 0 ||| qw: Goals: Normal
     0 | D:1      | 0 ||| PLANNING D:1-11
    89 | D:1      | Reached XP level 2. HP: 17/17 MP: 2/2
   839 | D:1      | 839 ||| READING scroll labelled PIXUUB VATUSIE.
   840 | D:1      | 840 ||| READING scroll labelled AFA PEYTTAGHIY.
   841 | D:1      | 841 ||| DROPPING scroll of butterflies.
   856 | D:2      | Noticed Sigmund
   857 | D:2      | 857 ||| STAIRDANCE
   860 | D:1      | Reached XP level 3. HP: 21/21 MP: 3/3
   864 | D:2      | 864 ||| STAIRDANCE
   882 | D:2      | 882 ||| STAIRDANCE
   884 | D:2      | 884 ||| STAIRDANCE
   912 | D:2      | 912 ||| STAIRDANCE
   940 | D:2      | 940 ||| STAIRDANCE
   957 | D:2      | 957 ||| STAIRDANCE
  1022 | D:2      | 1022 ||| STAIRDANCE
  1042 | D:2      | 1042 ||| STAIRDANCE
  1058 | D:2      | 1058 ||| STAIRDANCE
  1082 | D:2      | Killed Sigmund
  1083 | D:2      | Reached skill level 6 in Ranged Weapons
  1083 | D:2      | Reached XP level 4. HP: 26/26 MP: 4/4
  1083 | D:2      | Reached XP level 5. HP: 30/30 MP: 5/5
  1185 | D:2      | Noticed Terence
  1187 | D:2      | Noticed an ogre
  1188 | D:2      | 1188 ||| RETREEAATING.
  1195 | D:2      | HP: 1/31 [ogre/+0 giant club (27)]
  1196 | D:2      | Mangled by an ogre

Levels and vault maps discovered:
D:1:      dpeg_arrival_solitude, layout_basic, minmay_tall_x
D:2:      layout_loops_ring, uniq_sigmund, uniq_robin, uniq_terence

Skill      XL: |  1  2  3 |
---------------+----------+-----
Ranged Weapons | 6 |  6.7
Fighting       | |  2.4
Dodging        | |  1.5
Stealth        | |  1.1

Action                     |  1- 3 |  4- 6 || total
---------------------------+-------+-------++-------
   Fire: Shortbow          |    88 |    20 ||   108
    Use: Scroll            |     2 |       ||     2
 Armour: Leather armour    |    24 |    10 ||    34
  Dodge: Dodged            |    28 |     6 ||    34

Table legend:
 A = Non-vault XP
 B = Vault XP
 C = Vault XP percentage of total XP
 D = Non-vault monster count
 E = Vault monster count
 F = Vault count percentage of total count
                 A         B        C        D         E       F
            +---------+---------+-------+---------+---------+-------
      Total |      44 |     238 |  84.4 |      20 |       5 |  20.0
            +---------+---------+-------+---------+---------+-------
        D:1 |      28 |       7 |  20.0 |      18 |       4 |  18.2
        D:2 |      16 |     231 |  93.5 |       2 |       1 |  33.3
            +---------+---------+-------+---------+---------+-------
